 Dungeon Crawl Stone Soup version 0.30.0-29-ga12c61a403 (webtiles) character file.

Game seed: 18195098550126120132

376 monsoonserge the Magician (level 7, -3/47 HPs)
             Began as a Djinni Wanderer on June 26, 2023.
             Slain by jujuben's ghost (9 damage)
             ... on level 4 of the Dungeon.
             The game lasted 00:18:10 (3384 turns).

monsoonserge the Magician (Djinni Wanderer)         Turns: 3384, Time: 00:18:11

Health: -3/47      AC:  8    Str:  8    XL:     7   Next: 3%
Gold:   114        EV: 11    Int: 21    God:
                   SH:  0    Dex: 16

rFire   + + .        u - +1 short sword (drain)
rCold   x . .        (no shield)
rNeg    . . .        E - +0 leather armour
rPois   ∞            c - +0 helmet
rElec   .            h - +2 cloak
rCorr   .            b - +0 pair of gloves
SInv    .            (boots unavailable)
Will    .....        (no amulet)
Stlth   ++           k - +6 ring of intelligence
HPRegen 0.27/turn    (no ring)
MPRegen 0.00/turn

%: infuse magic (-4 HP)
@: attractive, flying
A: sickness immunity, fire resistance 2, cold vulnerability 1, float, innate
caster, HP casting, extra vitality 1
a: no special abilities


You were on level 4 of the Dungeon.
You visited 1 branch of the dungeon, and saw 4 of its levels.

You collected 248 gold pieces.
You spent 134 gold pieces at shops.

Inventory:

Hand Weapons
 a - a +2 quarterstaff
 u - a +1 short sword of draining (weapon)
 F - a +1 spear of venom
Missiles
 x - 4 boomerangs
Armour
 b - a +0 pair of gloves (worn)
 c - a +0 helmet (worn)
 d - a +0 robe
 e - a +0 ring mail
 h - a +2 cloak (worn)
 r - a +3 chain mail of cold resistance
 E - a +0 leather armour (worn)
Jewellery
 k - a +6 ring of intelligence (left hand)
 B - a ring of wizardry
 C - an amulet of faith
Scrolls
 i - a scroll of silence {unknown}
 j - 2 scrolls of amnesia {unknown}
 n - a scroll of blinking {unknown}
 o - a scroll of noise {unknown}
 q - a scroll of torment {unknown}
 s - 4 scrolls of identify {unknown}
 v - a scroll of enchant armour {unknown}
 y - a scroll of brand weapon {unknown}
 z - 2 scrolls of teleportation
 A - a scroll of fear
 D - a scroll of vulnerability {unknown}
Potions
 f - 2 potions of attraction
 g - 2 potions of mutation {unknown}
 l - a potion of magic {unknown}
 m - 2 potions of brilliance {unknown}
 p - a potion of invisibility {unknown}
 t - 3 potions of curing
 w - 2 potions of heal wounds {unknown}


   Skills:
 + Level 1.1 Fighting
 + Level 1.1 Short Blades
 - Level 4.0 Staves
 * Level 1.2 Armour
 + Level 1.0 Dodging
 - Level 2.0 Stealth
 * Level 4.6 Spellcasting


You knew the following spells:

 Your Spells              Type           Power      Damage    Failure   Level
a - Swiftness             Air            24%        N/A       7%          3
b - Shock                 Conj/Air       96%        1d9       2%          1
c - Kiss of Death         Conj/Necr      96%        2d12      2%          1
d - Static Discharge      Conj/Air       48%        2-4/arc   3%          2
e - Momentum Strike       Conj/Tloc      48%        3d9       3%          2

Your spell library contained the following spells:

 Spells                   Type           Power      Damage    Failure   Level


Dungeon Overview and Level Annotations

Branches:
Dungeon (4/15)
 Temple: D:4-7

Altars:
Gozag
Okawaru
Uskayaw

Shops:
D:2 =   D:3 =*=**

Annotations:
D:4 jujuben's ghost, amateur DjTm


Innate Abilities, Weirdness & Mutations

You are immune to sickness and miasma.
You are immune to poison.
Your flesh is very heat resistant. (rF++)
You are vulnerable to cold. (rC-)
You float through the air rather than walking.
You learn spells naturally, not from books.
Your magical power is your life essence.
You have superior vitality. (+4 MHP)


Message History

* * * LOW HITPOINT WARNING * * *
Your Dodging skill increases to level 1!
Press: ? - help, v - describe, . - travel
Here: a sleepcap (almost destroyed)
An open translucent gate.
Casting: Static Discharge (safe; 3% risk of failure)
Confirm with . or Enter, or press ? or * to list all spells.
Okay, then.
You aren't carrying any items that you can evoke.
Casting: Static Discharge (safe; 3% risk of failure)
Confirm with . or Enter, or press ? or * to list all spells.
Aiming: Shock (safe; 2% risk of failure)
Press: ? - help, Shift-Dir - straight line, f - jujuben's ghost
Aim: jujuben's ghost (moderately damaged, 71% to hit)
The zap hits the sleepcap.
You destroy the sleepcap!
The zap hits jujuben's ghost but does no damage.
Jujuben's ghost is moderately damaged.
* * * LOW HITPOINT WARNING * * *
Jujuben's ghost shouts, "Death is your only future!"
Your Short Blades skill increases to level 1!
You have reached level 7!
The power to cast Momentum Strike wells up from within.
Spell assigned to 'e'.
Press: ? - help, v - describe, . - travel
Here: jujuben's ghost (moderately damaged)
An open translucent gate.
Press: ? - help, v - describe, . - travel
Here: jujuben's ghost (moderately damaged)
An open translucent gate.
You aren't carrying any items that you can evoke.
Press: ? - help, v - describe, . - travel
Here: jujuben's ghost (moderately damaged)
An open translucent gate.
You can't see any enemies this would affect, really read the scroll of fear?
Okay, then.
It was a potion of attraction.
You feel attractive to monsters. Jujuben's ghost hits you!
You die...

..# #.#.####.#.##########.#
.## ##'#.########...# ###.####
.#####....##.8∩8.###.#
#......#
##........#.$.....##.#
#.#.#.## #........#8$.8.$8##.#
#.#.#.# #.......##∩.$_...##.#
#.#.#.#
######..(##.$$..###.####.#.#.#
#######''W###.......#.#.#
#....)@.#########.#.# ###
#..........)).))..#.# ..#
####.....##########.# #.#
####### #<....# #.# #######
#.# #.# #.# #.#


You could see jujuben's ghost.

Vanquished Creatures
  A wight (D:4)
  A hound (D:4)
  An orc priest (D:4)
  A gnoll bouda (D:4)
  Terence (D:2)
  A sleepcap (D:4)
  Robin (D:2)
  6 gnolls
  2 adders
  2 worms (D:2)
  3 dart slugs
  12 orcs
  7 bats
  4 endoplasms
  4 giant cockroaches
  7 hobgoblins
  3 quokkas
  5 ball pythons
  2 frilled lizards (D:1)
  12 goblins
  4 kobolds
  3 rats
83 creatures vanquished.

Notes
Turn   | Place    | Note
-------+----------+-------------------------------------------
     0 | D:1      | monsoonserge the Djinni Wanderer began the quest for the
                  | Orb.
     0 | D:1      | monsoonserge set off with the following items: a +2
                  | quarterstaff, a +0 pair of gloves, a potion of berserk
                  | rage, a +0 robethe following spells memorised: Swiftness,
                  | Shock.
     0 | D:1      | Reached XP level 1. HP: 17/17 MP: 0/0
   360 | D:1      | Reached XP level 2. HP: 21/22 MP: 0/0
   946 | D:2      | Reached XP level 3. HP: 25/27 MP: 0/0
   946 | D:2      | Learned a level 1 spell: Kiss of Death
   983 | D:2      | Noticed Terence
   995 | D:2      | Killed Terence
   996 | D:2      | Reached XP level 4. HP: 7/32 MP: 0/0
  1425 | D:2      | Noticed Robin
  1436 | D:2      | Killed Robin
  1579 | D:2      | Found Huxoo's Jewellery Boutique.
  1815 | D:3      | Reached XP level 5. HP: 34/34 MP: 0/0
  1815 | D:3      | Learned a level 2 spell: Static Discharge
  1831 | D:3      | Found Woythrara's Jewellery Boutique.
  1856 | D:3      | Found Ipeppemi's General Store.
  1860 | D:3      | Bought a potion of curing for 36 gold pieces
  2041 | D:3      | Found an iron altar of Okawaru.
  2097 | D:3      | Found Joqya's Jewellery Emporium.
  2172 | D:3      | Found Umaeruth's General Store.
  2181 | D:3      | Bought a scroll of teleportation for 42 gold pieces
  2181 | D:3      | Bought a scroll of fear for 56 gold pieces
  2202 | D:3      | Found Koapuludi's General Store.
  2364 | D:4      | Found a runed translucent gate.
  2366 | D:4      | Found a runed translucent gate.
  2366 | D:4      | Found a runed translucent gate.
  2367 | D:4      | Found an opulent altar of Gozag.
  2368 | D:4      | Noticed jujuben's ghost (amateur DjTm)
  2511 | D:4      | Found a hide-covered altar of Uskayaw.
  2709 | D:4      | Reached XP level 6. HP: 36/42 MP: 0/0
  3383 | D:4      | Reached skill level 1 in Dodging
  3384 | D:4      | Reached skill level 1 in Short Blades
  3384 | D:4      | Reached XP level 7. HP: 6/47 MP: 0/0
  3384 | D:4      | Learned a level 2 spell: Momentum Strike
  3384 | D:4      | Slain by jujuben's ghost

Illustrated notes

Levels and vault maps discovered:
D:1:      dpeg_arrival_water_fire, layout_loops_ring, minmay_misc_feat_enclosed,
          minmay_misc_feat_diagonals
D:2:      layout_basic, serial_shops, shop, hangedman_decor_clover_reticule,
          kennysheep_generic_room_12, uniq_terence, uniq_robin
D:3:      layout_basic, okawaru_altar_gauntlet_db, serial_shops,
          nicolae_square_shop, shop, nicolae_shop_window_shopping, shop,
          nicolae_shop_tiny_waterfront
D:4:      layout_basic, mainiacjoe_overflow_paths, ebering_ghost_gozag

Skill      XL: |  1  2  3  4  5  6 |
---------------+-------------------+-----
Staves         | 4 |  4.0
Spellcasting   | 2 3 4 |  4.6
Stealth        | 2 |  2.0
Dodging        | 1 |  1.0
Short Blades   | 1 |  1.1
Fighting       | |  1.1
Armour         | |  1.2

Action                     |  1- 3 |  4- 6 |  7- 9 || total
---------------------------+-------+-------+-------++-------
  Melee: Quarterstaff      |     3 |     3 |       ||     6
         Short sword       |       |    15 |       ||    15
   Cast: Shock             |    40 |    93 |       ||   133
         Kiss of Death     |     1 |     1 |       ||     2
         Static Discharge  |       |    13 |       ||    13
    Use: Potion            |       |     1 |     1 ||     2
   Stab: Sleeping          |       |     1 |       ||     1
 Armour: Robe              |     7 |    10 |       ||    17
         Leather armour    |       |     9 |       ||     9
  Dodge: Dodged            |    14 |    29 |       ||    43
